 Dungeon Crawl Stone Soup version 0.26-a0-487-gbff1e92059 (webtiles) character file.

Game seed: 1204228528434436521

208 ReteAZ the Ogre Mage (level 5, -2/67 HPs)
             Began as an Ogre Venom Mage on Aug 2, 2020.
             Killed by nerve-wracking pain
             ... invoked by a shadow imp
              (3 damage)
             ... in a sewer.
             The game lasted 00:09:40 (3554 turns).

ReteAZ the Ogre Mage (Ogre Venom Mage)              Turns: 3554, Time: 00:09:41

Health: -2/67      AC:  4    Str: 12    XL:     5   Next: 86%
Magic:  11/11      EV: 10    Int: 23    God:
Gold:   81         SH:  0    Dex:  9    Spells: 5/12 levels left

rFire    . . .     SeeInvis .   k - +0 short sword
rCold    . . .     Faith    .   (no shield)
rNeg     . . .     Spirit   .   a - +0 robe
rPois    .         Reflect  .   (helmet restricted)
rElec    .         Harm     .   q - +0 cloak
rCorr    .                      (gloves unavailable)
MR       .....                  (boots unavailable)
Stlth    ..........             (no amulet)
HPRegen  0.21/turn              b - +6 ring of intelligence
MPRegen  0.12/turn              (no ring)

@: berserking (expiring), very quick
A: large, unfitting armour, tough skin 1
a: no special abilities


You were in a sewer.
You visited 1 branch of the dungeon, and saw 3 of its levels.
You also visited: Sewer.

You collected 81 gold pieces.

Inventory:

Hand Weapons
 d - a +0 club
 f - a +0 whip
 k - a +0 short sword (weapon)
Missiles
 c - 89 sling bullets
 e - 118 stones
 g - 19 poisoned darts (quivered)
 r - a throwing net
Armour
 a - a +0 robe (worn)
 q - a +0 cloak (worn)
 v - a cursed +0 kite shield
Jewellery
 b - a +6 ring of intelligence (left hand)
Wands
 u - a wand of polymorph (4)
Scrolls
 h - 3 scrolls of teleportation {unknown}
 j - 2 scrolls of identify {unknown}
 l - a scroll of amnesia {unknown}
 m - a scroll of enchant weapon {unknown}
 n - a scroll of blinking {unknown}
 o - a scroll of remove curse {unknown}
 s - a scroll of enchant armour {unknown}
 t - a scroll of immolation {unknown}
Potions
 i - a potion of heal wounds


   Skills:
 - Level 1.7 Dodging
 - Level 1.4 Stealth
 - Level 0.1 Shields
 + Level 4.3 Spellcasting
 + Level 0.5 Conjurations
 - Level 2.0 Transmutations
 + Level 0.6 Fire Magic
 + Level 0.6 Air Magic
 + Level 4.0 Poison Magic


You had 5 spell levels left.
You knew the following spells:

 Your Spells              Type           Power        Failure   Level
a - Sting                 Tmut/Pois      ###.         3%          1
b - Mephitic Cloud        Conj/Pois/Air  ##......     14%         3
c - Ignite Poison         Fire/Tmut/Pois ###.....     12%         3

Your spell library contained the following spells:

 Spells                   Type           Power        Failure   Level
 Poisonous Vapours        Pois/Air       ###...       6%          2
 Olgreb's Toxic Radiance  Pois           ###.....     19%         4


Dungeon Overview and Level Annotations

Branches:
Dungeon (3/15)              Sewer (1/1)

Altars:
Trog


Innate Abilities, Weirdness & Mutations

You are too large for most types of armour.
You have tough skin. (AC +1)


Message History

The shadow imp completely misses you.
You are too berserk!
You are too berserk!
You are too berserk!
Unknown command.
You puncture the shadow imp!
You kill the shadow imp!
The ufetubus barely misses you.
The ufetubus hits you but does no damage.
The ufetubus closely misses you. The ufetubus hits you.
* * * LOW HITPOINT WARNING * * *
The ufetubus hits you.
* * * LOW HITPOINT WARNING * * *
The ufetubus barely misses you.
You barely miss the shadow imp. The ufetubus hits you.
* * * LOW HITPOINT WARNING * * *
The ufetubus hits you but does no damage.
The shadow imp gestures at you. Pain shoots through your body!
You die...

.# ≈≈≈≈≈≈≈≈≈≈≈.†.# ≈#
.####≈#≈≈###≈#.### .##
.#..........†..≈≈#sJ.#
..............≈≈≈≈5KZ'
.#.............≈≈#5K.#
####≈##≈##≈###.### Z##
≈≈≈≈≈≈≈≈≈≈≈≈≈≈...# ≈#
.≈≈≈≈≈≈≈≈≈≈≈≈≈≈55# #
≈≈≈≈≈≈≈≈≈≈≈≈≈≈≈≈@#
≈≈≈≈≈≈≈≈≈≈≈≈≈≈≈s5#
≈≈≈≈≈≈≈≈≈≈≈≈≈≈≈≈.#
≈≈≈≈≈≈≈≈≈≈≈≈≈≈≈≈.Z.≈≈#
######################


You could see a shadow imp, 2 ufetubi, a kobold zombie and a giant cockroach.

Vanquished Creatures
  Terence (D:2)
  Jessica (D:2)
  3 adders (D:2)
  2 shadow imps (Sewer)
  6 ufetubi (Sewer)
  2 dart slugs (D:2)
  4 leopard geckos
  A giant cockroach (Sewer)
  8 goblins
  13 hobgoblins
  A quokka (D:2)
  3 ball pythons
  12 bats
  4 frilled lizards
  12 kobolds
  A kobold zombie (Sewer)
  2 rats (D:2)
76 creatures vanquished.

Notes
Turn   | Place    | Note
-------+----------+-------------------------------------------
     0 | D:1      | ReteAZ the Ogre Venom Mage began the quest for the Orb.
     0 | D:1      | Reached XP level 1. HP: 16/16 MP: 3/3
    46 | D:1      | Reached skill level 1 in Transmutations
   303 | D:1      | Reached XP level 2. HP: 24/24 MP: 3/5
   754 | D:1      | Reached XP level 3. HP: 26/31 MP: 4/7
  1711 | D:2      | Reached XP level 4. HP: 25/39 MP: 3/9
  2028 | D:2      | Found a bloodstained altar of Trog.
  2231 | D:2      | Noticed Terence
  2345 | D:2      | Killed Terence
  2345 | D:2      | Reached XP level 5. HP: 45/45 MP: 7/11
  2395 | D:2      | Noticed Jessica
  2404 | D:2      | Killed Jessica
  2589 | D:3      | Found a glowing drain.
  2598 | Sewer    | Entered a sewer
  2619 | Sewer    | Learned a level 3 spell: Mephitic Cloud
  2623 | Sewer    | Learned a level 3 spell: Ignite Poison
  3553 | Sewer    | HP: 3/67 [ufetubus (2)]
  3554 | Sewer    | HP: 1/67 [ufetubus (2)]
  3554 | Sewer    | Killed from afar by a shadow imp

Illustrated notes

Levels and vault maps discovered:
D:1:      nzn_arrival_depleted_hourglass, layout_basic
D:2:      layout_rooms, st_stairs_11, bloody_trog, uniq_jessica, uniq_terence
D:3:      layout_basic, nicolae_overflow_hidden_temple,
          cheibrodos_sewer_entry_drain, hangedman_feature_mirror, uniq_sigmund
Sewer:    kennysheep_sewer_church

Skill      XL: |  1  2  3  4  5 |
---------------+----------------+-----
Transmutations | 1 2 |  2.0
Poison Magic   | 3 4 |  4.0
Spellcasting   | 3 4 |  4.3
Dodging        | |  1.7
Stealth        | |  1.4
Shields        | |  0.1
Conjurations   | |  0.5
Fire Magic     | |  0.6
Air Magic      | |  0.6

Action                   |  1- 3 |  4- 6 || total
-------------------------+-------+-------++-------
Melee: Whip              |    17 |       ||    17
       Unarmed           |     1 |     6 ||     7
       Short sword       |    28 |    43 ||    71
Throw: Dart              |       |     9 ||     9
 Cast: Sting             |    53 |    67 ||   120
  Use: Potion            |       |     2 ||     2
Armor: Robe              |    25 |    47 ||    72
       Skin              |       |     1 ||     1
Dodge: Dodged            |    53 |   116 ||   169

Table legend: (Time is in decaauts)
 A = Elapsed time spent in this place.
 B = Non-inter-level travel time spent in this place.
 C = Inter-level travel time spent in this place.
 D = Time resting spent in this place.
 E = Time spent auto-exploring this place.
 F = Levels seen in this place.
 G = Mean time per level.
                   A        B        C        D        E       F      G
               +--------+--------+--------+--------+--------+-----+--------+
         Total |   3565 |   3337 |    228 |   1356 |   1199 |   4 |  891.2 |
       Dungeon |   2606 |   2378 |    228 |    798 |   1065 |   3 |  868.7 |
         Sewer |    958 |    958 |      0 |    558 |    134 |   1 |  958.0 |
               +--------+--------+--------+--------+--------+-----+--------+

Top non-repeatable levels by time:
     D:1: 1928 daAuts
   Sewer: 958 daAuts
     D:2: 667 daAuts
     D:3: 10 daAuts
